 Dungeon Crawl Stone Soup version 0.21-a0-140-g479285b (webtiles) character file.

23 Gorglomux the Vexing (level 3, 0/30 HPs)
             Began as a Hill Orc Arcane Marksman on July 19, 2017.
             Succumbed to an adder's poison
             ... on level 2 of the Dungeon.
             The game lasted 00:02:17 (1599 turns).

Gorglomux the Vexing (Hill Orc Arcane Marksman)     Turns: 1599, Time: 00:02:18

Health: 0/30       AC:  3    Str: 18    XL:     3   Next: 0%
Magic:  3/4        EV: 12    Int: 13    God:
Gold:   97         SH:  0    Dex: 11    Spells: 3/4 levels left

rFire    . . .     SeeInvis .   b - +0 hunting sling
rCold    . . .     Gourm    .   (no shield)
rNeg     . . .     Faith    .   e - +0 robe
rPois    .         Spirit   .   q - +0 helmet
rElec    .         Reflect  .   (no cloak)
rCorr    .         Harm     .   (no gloves)
MR       .....                  (no boots)
Stlth    +.........             (no amulet)
HPRegen  0.10/turn              (no ring)
MPRegen  0.09/turn              (no ring)

@: mighty, lethally poisoned (0 -> -7), very slightly contaminated, hasted,
invisible, very quick
A: no striking features
a: no special abilities


You were on level 2 of the Dungeon.
You were hungry.

You visited 1 branch of the dungeon, and saw 2 of its levels.

You collected 97 gold pieces.

Inventory:

Hand Weapons
 a - a +0 dagger
 b - a +0 hunting sling (weapon)
Missiles
 d - 18 sling bullets (quivered)
Armour
 e - a +0 robe (worn)
 q - a +0 helmet (worn)
Wands
 A - a wand of acid (8/15)
Scrolls
 g - a scroll of recharging {unknown}
 j - 2 scrolls of teleportation {unknown}
 l - a scroll of noise {unknown}
 n - a scroll of immolation {unknown}
 p - a scroll of amnesia {unknown}
 u - a scroll of identify {unknown}
Potions
 w - a potion of heal wounds {unknown}
Books
 c - a book of Debilitation

   Spells                             Type                      Level
   a - Corona                         Hexes                        1
   b - Slow                           Hexes                        2
   c - Inner Flame                    Hexes/Fire                   3
   d - Portal Projectile              Hexes/Translocation          3
   e - Cause Fear                     Hexes                        4
   f - Leda's Liquefaction            Hexes/Earth                  4
Comestibles
 f - 3 bread rations
 h - 2 royal jellies


   Skills:
 + Level 2.7 Fighting
 - Level 1.7 Slings
 + Level 1.5 Armour
 - Level 1.5 Dodging
 - Level 1.0 Spellcasting
 - Level 3.0 Hexes


You had 3 spell levels left.
You knew the following spells:

 Your Spells              Type           Power        Failure   Level  Hunger
a - Corona                Hex            #......      9%          1    ##.....


Dungeon Overview and Level Annotations

Branches:
Dungeon (2/15)

Altars:
Qazlal


Message History

Nothing appears to happen!
The adder bites you! * * * don't die
* * * You are lethally poisoned!!!
The adder poisons you!!! The adder closely misses you!
Firing (i - inventory):
d - 19 sling bullets (quivered)
Press: ? - help, Shift-Dir - butt line, f/p - adder
Aim: an adder (lightly wounded)
You shoot a sling bullet!
The sling bullet misses the adder! * * * don't die
* * * You feel sick!
The adder misses you!
It butts a potion of might!
You feel very mighty all of a sudden! * * * don't butt
* * * You feel butt!
The butt closely misses you!
Butt was a potion of invisibility!
You fade into invisibility!!!
The adder closely misses you! The butt bites you! * * * don't die
* * * Butt was a potion of haste!
You feel yourself speed up! rip

#.. #.# #.# #..
#.###.####### ##<.#
###.##.........
...................
#..###.##.######.
#..........#
#...###.#..## #.#[
#.#..# # ..#@.#
.#.#.S.#
#.#.#.#.... .
#.....(##.. ##
####.#.# .#.# .#.#
..


You could see an adder.

Vanquished Creatures
  A worm (D:2)
  A dart slug (D:1)
  A leopard gecko (D:2)
  2 giant cockroaches (D:1)
  4 goblins
  A hobgoblin (D:1)
  3 frilled lizards
  5 rats
18 creatures vanquished.

Notes
Turn   | Place    | Note
-------+----------+-------------------------------------------
     0 | D:1      | Gorglomux the Hill Orc Arcane Marksman began the quest for the Orb.
     0 | D:1      | Reached XP level 1. HP: 16/16 MP: 2/2
   425 | D:1      | Reached skill level 1 in Armour
   425 | D:1      | Reached XP level 2. HP: 24/24 MP: 1/3
  1243 | D:2      | Found a stormy altar of Qazlal.
  1507 | D:2      | Reached XP level 3. HP: 17/30 MP: 4/4
  1598 | D:2      | HP: 1/30 [adder (4)]
  1599 | D:2      | Succumbed to an adder's poison

Vault maps used:
D:1:      dpeg_arrival_shrine
D:2:      nicolae_overflow_crystal_walls, old_standard_altar, first_bread,
          uniq_crazy_yiuf_cottage

Skill      XL: |  1  2 |
---------------+-------+-----
Armour         | 1 |  1.5
Fighting       | 2 |  2.7
Slings         | |  1.7
Dodging        | |  1.5
Spellcasting   | |  1.0
Hexes          | |  3.0

Action                   || total
-------------------------++-------
Melee: Unarmed           ||    74
       Dagger            ||     8
 Fire: Hunting sling     ||    28
 Cast: Corona            ||    13
  Use: Potion            ||     3
  Eat: Chunk             ||     2
Armor: Robe              ||    11
Dodge: Dodged            ||    62
